 Dungeon Crawl Stone Soup version 0.19-a0-1268-g6c5d9f8 (webtiles) character file.

83 TheGoonsmith the Magician (level 4, -1/24 HPs)
             Began as a Deep Elf Fire Elementalist on Aug 29, 2016.
             Slain by an orc (5 damage)
             ... on level 3 of the Dungeon.
             The game lasted 00:03:14 (2159 turns).

TheGoonsmith the Magician (DEFE)                    Turns: 2159, Time: 00:03:14

Health: -1/24      AC:  3    Str:  5    XL:     4   Next: 22%
Magic:  8/12       EV: 13    Int: 21    God:
Gold:   111        SH:  0    Dex: 15    Spells: 1 memorised, 10 levels left

rFire  . . .     SeeInvis .     i - +0 whip
rCold  . . .     Gourm    .     a - +0 robe
rNeg   . . .     Faith    .     (no shield)
rPois  .         Spirit   .     (no helmet)
rElec  .         Dismiss  .     (no cloak)
rCorr  .         Reflect  .     (no gloves)
MR     .....     Harm     .     l - +0 pair of boots
Stlth  ++........               (no amulet)
                                (no ring)
                                (no ring)

@: lethally poisoned (-1 -> -5)
A: no striking features
a: no special abilities


You were on level 3 of the Dungeon.
You were hungry.

You visited 1 branch of the dungeon, and saw 3 of its levels.

You collected 111 gold pieces.

Inventory:

Hand Weapons
 d - a +0 club
 i - a +0 whip (weapon)
Armour
 a - a +0 robe (worn)
 l - a +0 pair of boots (worn)
Jewellery
 y - an uncursed ring of wizardry {unknown}
Wands
 p - a wand of flame (4/48)
 B - a wand of iceblast (5/15)
Scrolls
 e - 2 scrolls of fog
 h - a scroll of random uselessness {unknown}
 n - a scroll of identify
 q - a scroll of immolation {unknown}
 r - 2 scrolls of remove curse {unknown}
 s - a scroll of magic mapping {unknown}
 t - a scroll of amnesia {unknown}
 u - a scroll of enchant weapon {unknown}
 w - a scroll of teleportation {unknown}
 A - a scroll of recharging {unknown}
Potions
 f - a potion of agility
 g - a potion of might {unknown}
 k - a potion of magic {unknown}
 m - a potion of brilliance {unknown}
 o - a potion of berserk rage {unknown}
 v - a potion of mutation {unknown}
 x - a potion of heal wounds {unknown}
Books
 b - a book of Flames

   Spells                             Type                      Level
   a - Flame Tongue                   Conjuration/Fire             1
   b - Throw Flame                    Conjuration/Fire             2
   c - Conjure Flame                  Conjuration/Fire             3
   d - Inner Flame                    Hexes/Fire                   3
   e - Sticky Flame                   Conjuration/Fire             4
   f - Fireball                       Conjuration/Fire             5
Comestibles
 c - 3 bread rations
 j - a meat ration
 z - a beef jerky


   Skills:
 - Level 2.4 Dodging
 - Level 2.4 Stealth
 + Level 4.2 Spellcasting
 * Level 3.2 Conjurations
 + Level 3.8 Fire Magic


You had 10 spell levels left.
You knew the following spells:

 Your Spells              Type           Power        Failure   Level  Hunger
a - Flame Tongue          Conj/Fire      ###..        2%          1    None


Dungeon Overview and Level Annotations

Branches:
Dungeon (3/15)

Altars:
The Shining One

Annotations:
D:3 NervFog's ghost, amateur MiMo; Robin


Message History

The scroll dissolves into smoke.
It was a scroll of fog.
The jackal barely misses you. The orc barely misses you. The jackal bites you.
The orc wizard gestures wildly while chanting.
The orc wizard blinks!
Okay, then.
Okay, then.
As you read the scroll labeled QAOMYA HIT CUJ, it crumbles to dust.
It is a scroll of identify.
f - a potion of agility The adder barely misses you.
The jackal closely misses you. The orc barely misses you.
The orc wizard gestures at you while chanting.
The magic dart hits you!
* * * LOW HITPOINT WARNING * * *
The adder barely misses you.
* * * LOW HITPOINT WARNING * * *
You feel sick.
The orc wizard gestures wildly while chanting.
The orc wizard blinks!
The orc hits you.
You die...

#..#...#...#...#
#...=#w..#...#.
#..#...#..o#...#. .#..
######.#..#...#..g#...#
#.!..
#........#([#...#...#..
.....#
#......###.#(§#.§.#...#
.#.. #......#
#(..oKS#g.$# #...
#......#
###(.oh§§#..###..#
##......#
###§@§......g.#
(.......# ##########.#
######### #.# #)# #)#
#######.# #<.g....#
#########


You could see an adder, 2 orcs, a jackal, a goblin and a kobold.

Vanquished Creatures
  A gnoll (D:1)
  2 adders (D:2)
  An ooze (D:1)
  3 dart slugs
  2 orcs (D:3)
  3 giant cockroaches
  3 goblins
  7 hobgoblins
  5 jackals
  4 kobolds
  A quokka (D:2)
  A ball python (D:1)
  3 bats
  3 giant newts
  4 rats
43 creatures vanquished.

Notes
Turn   | Place    | Note
-------+----------+-------------------------------------------
     0 | D:1      | TheGoonsmith the Deep Elf Fire Elementalist began the quest for the Orb.
     0 | D:1      | Reached XP level 1. HP: 10/10 MP: 6/6
   255 | D:1      | Reached XP level 2. HP: 6/15 MP: 0/8
   607 | D:1      | Reached XP level 3. HP: 19/19 MP: 3/10
  1126 | D:1      | You fall through a shaft!
  1248 | D:2      | Found a glowing golden altar of the Shining One.
  1261 | D:2      | Reached skill level 4 in Spellcasting
  1771 | D:3      | Noticed Robin
  2007 | D:2      | Reached XP level 4. HP: 24/24 MP: 7/12
  2155 | D:3      | Noticed NervFog's ghost (amateur MiMo)
  2159 | D:3      | Slain by an orc

Vault maps used:
D:1:      arrival_zaba_pyramid, solitary_fountain
D:2:      overflow_temple_1_default, kennysheep_generic_room_4
D:3:      lemuel_upstairs_altar, hangedman_glass_teeth, hex_large, uniq_robin,
          uniq_iyjb, uniq_jessica

Skill      XL: |  1  2  3 |
---------------+----------+-----
Conjurations   | 2 3 |  3.2
Spellcasting   | 4 |  4.2
Dodging        | |  2.4
Stealth        | |  2.4
Fire Magic     | |  3.8

Action                   |  1- 3 |  4- 6 || total
-------------------------+-------+-------++-------
 Cast: Flame Tongue      |    83 |    13 ||    96
  Use: Scroll            |       |     2 ||     2
  Eat: Chunk             |     3 |       ||     3
Armor: Robe              |     5 |     2 ||     7
Dodge: Dodged            |    21 |    13 ||    34
